 Dungeon Crawl Stone Soup version 0.24-a0-447-ge8da9206dc (webtiles) character file.

Game seed: 8642632193424031672

175 pk666 the Magician (level 5, -2/28 HPs)
             Began as a Deep Elf Wizard on June 26, 2019.
             Slain by an orc
             ... wielding a +2 dagger of venom
              (6 damage)
             ... on level 4 of the Dungeon.
             The game lasted 00:05:40 (4239 turns).

pk666 the Magician (Deep Elf Wizard)                Turns: 4239, Time: 00:05:56

Health: -2/28      AC:  4    Str:  4    XL:     5   Next: 29%
Magic:  0/15       EV: 13    Int: 24    God:
Gold:   138        SH:  0    Dex: 13    Spells: 6/15 levels left

rFire    . . .     SeeInvis .   i - +0 dagger
rCold    . . .     Gourm    .   (no shield)
rNeg     . . .     Faith    .   a - +0 robe
rPois    .         Spirit   .   b - +0 hat
rElec    .         Reflect  .   r - scarf {cloud immunity}
rCorr    .         Harm     .   (no gloves)
MR       .....                  (no boots)
Stlth    ++........             (no amulet)
HPRegen  0.49/turn              (no ring)
MPRegen  0.14/turn              (no ring)

@: lethally poisoned (-2 -> -2), very slightly contaminated
A: iridescent scales 1, regeneration 1, MP-powered wands
a: no special abilities


You were on level 4 of the Dungeon.
You were near starving.

You visited 1 branch of the dungeon, and saw 4 of its levels.
You also visited: Sewer.

You collected 138 gold pieces.

Inventory:

Hand Weapons
 i - a +0 dagger (weapon)
Armour
 a - a +0 robe (worn)
 b - a +0 hat (worn)
 r - a scarf of cloud immunity (worn)
Scrolls
 c - 3 scrolls of remove curse {unknown}
 e - 2 scrolls of amnesia {unknown}
 h - 2 scrolls of teleportation {unknown}
 j - a scroll of fear {unknown}
 k - a scroll of magic mapping {unknown}
 l - 3 scrolls of enchant weapon {unknown}
 m - a scroll of immolation {unknown}
 n - 2 scrolls of identify {unknown}
 p - 2 scrolls of random uselessness {unknown}
 s - a scroll of blinking {unknown}
Potions
 f - a potion of heal wounds {unknown}
 g - 2 potions of mutation
 o - a potion of brilliance {unknown}
 q - a potion of degeneration {unknown}
 t - a potion of curing {unknown}
Comestibles
 d - 10 rations


   Skills:
 - Level 3.1 Dodging
 - Level 2.4 Stealth
 + Level 5.5 Spellcasting
 + Level 2.8 Conjurations
   Level 1.1 Summonings
 + Level 2.1 Translocations
 + Level 1.5 Fire Magic
 + Level 1.2 Air Magic
 + Level 1.4 Poison Magic


You had 6 spell levels left.
You knew the following spells:

 Your Spells              Type           Power        Failure   Level  Hunger
a - Magic Dart            Conj           ###.         2%          1    None
b - Blink                 Tloc           N/A          5%          2    None
c - Conjure Flame         Conj/Fire      ###.....     11%         3    #......
d - Mephitic Cloud        Conj/Pois/Air  ###.....     12%         3    #......

Your spell library contained the following spells:

 Spells                   Type           Power        Failure   Level  Hunger
 Call Imp                 Summ           ##......     9%          2    None
 Slow                     Hex            #.......     13%         2    None


Dungeon Overview and Level Annotations

Branches:
Dungeon (4/15)
 Temple: D:4-7

Altars:


Innate Abilities, Weirdness & Mutations

You are partially covered in iridescent scales. (AC +2)
Your natural rate of healing is unusually fast.
You expend magic power (3 MP) to strengthen your wands.


Message History

Casting: Magic Dart (safe; 2% risk of failure)
Confirm with . or Enter, or press ? or * to list all spells.
You don't have enough magic to cast that spell.
Casting: Magic Dart (safe; 2% risk of failure)
Confirm with . or Enter, or press ? or * to list all spells.
You don't have enough magic to cast that spell.
Unknown command.
The orc hits you but does no damage.
You are lethally poisoned!
* * * LOW HITPOINT WARNING * * *
You feel sick.
* * * LOW HITPOINT WARNING * * *
You feel sick.
It was a potion of mutation.
You feel extremely strange.
Iridescent scales grow over part of your body.
You begin to heal more quickly.
You feel your magical essence link to your wands.
You feel sick.
The orc hits you with a +2 dagger of venom.
You die...

#. ##.### #.#
#.>... ###..##
##..... .......##
##...... #)!##
##....... ##..#
##........ #oo#
##......... ##o#
###..........
#@####............
#..##.....#.......
##.......###.......
#..#...............
#....######........
#....## ##......
.....## #......
###..## ##.....
#..# ##....


You could see 3 orcs.

Vanquished Creatures
  A worker ant (D:4)
  5 adders
  A river rat (D:4)
  3 dart slugs
  9 leopard geckos
  2 orcs (D:4)
  2 ball pythons (D:4)
  7 bats
  4 giant cockroaches
  8 goblins
  9 hobgoblins
  5 jackals
  7 kobolds
  4 quokkas
  4 frilled lizards
  A leopard gecko skeleton (D:4)
  7 rats
79 creatures vanquished.

Notes
Turn   | Place    | Note
-------+----------+-------------------------------------------
     0 | D:1      | pk666 the Deep Elf Wizard began the quest for the Orb.
     0 | D:1      | Reached XP level 1. HP: 10/10 MP: 7/7
   198 | D:1      | Reached XP level 2. HP: 14/15 MP: 4/9
  1173 | D:1      | Reached skill level 5 in Spellcasting
  1173 | D:1      | Reached XP level 3. HP: 19/19 MP: 6/11
  1177 | D:1      | Learned a level 2 spell: Blink
  1181 | D:1      | Learned a level 3 spell: Conjure Flame
  1185 | D:1      | Learned a level 3 spell: Mephitic Cloud
  1612 | D:2      | Reached XP level 4. HP: 24/24 MP: 7/13
  1784 | D:2      | Reached skill level 1 in Fire Magic
  1925 | D:2      | Reached skill level 1 in Poison Magic
  3434 | D:4      | Reached skill level 1 in Air Magic
  3724 | D:4      | Found a glowing drain.
  3744 | D:4      | Reached XP level 5. HP: 25/28 MP: 5/14
  3796 | Sewer    | Entered a sewer
  3933 | Sewer    | Noticed Purgy
  4239 | D:4      | Gained mutation: You are partially covered in iridescent
                  | scales. (AC +2) [potion of mutation]
  4239 | D:4      | Gained mutation: Your natural rate of healing is unusually
                  | fast. [potion of mutation]
  4239 | D:4      | Gained mutation: You expend magic power (3 MP) to
                  | strengthen your wands. [potion of mutation]
  4239 | D:4      | Slain by an orc

Levels and vault maps discovered:
D:1:      minmay_arrival_semitransparent, layout_basic
D:2:      layout_basic
D:3:      layout_loops_corners, first_ration
D:4:      layout_cave_pods, portal_sewer_entry_c, kennysheep_path_1,
          minmay_misc_feat_iff

Skill      XL: |  1  2  3  4 |
---------------+-------------+-----
Dodging        | 3 |  3.1
Conjurations   | 2 |  2.8
Spellcasting   | 5 |  5.5
Fire Magic     | 1 |  1.5
Poison Magic   | 1 |  1.4
Air Magic      | 1 |  1.2
Translocations | 2 |  2.1
Stealth        | |  2.4
Summonings     | |  1.1

Action                   |  1- 3 |  4- 6 || total
-------------------------+-------+-------++-------
Melee: Dagger            |       |     5 ||     5
 Cast: Magic Dart        |    87 |   126 ||   213
       Blink             |       |     4 ||     4
       Conjure Flame     |       |     1 ||     1
  Use: Potion            |       |     1 ||     1
  Eat: Chunk             |     2 |     6 ||     8
Armor: Robe              |     1 |     5 ||     6
Dodge: Dodged            |     7 |    45 ||    52

Table legend:
 A = Non-vault XP
 B = Vault XP
 C = Vault XP percentage of total XP
 D = Non-vault monster count
 E = Vault monster count
 F = Vault count percentage of total count
                 A         B        C        D         E       F
            +---------+---------+-------+---------+---------+-------
      Total |     231 |      20 |   8.0 |      74 |       5 |   6.3
            +---------+---------+-------+---------+---------+-------
        D:1 |      45 |       0 |   0.0 |      26 |       0 |   0.0
        D:2 |      96 |       0 |   0.0 |      24 |       0 |   0.0
        D:3 |      26 |       0 |   0.0 |      14 |       0 |   0.0
        D:4 |      64 |      19 |  22.9 |      10 |       4 |  28.6
      Sewer |       0 |       1 | 100.0 |       0 |       1 | 100.0
            +---------+---------+-------+---------+---------+-------
